 Dungeon Crawl Stone Soup version 0.23.2-40-g277498a001 (webtiles) character file.

Game seed: 7321270170352932169

50 MalarOregon the Ducker (level 3, -4/28 HPs)
             Began as a Merfolk Skald on Aug 13, 2019.
             Slain by a worm (10 damage)
             ... on level 1 of the Dungeon.
             The game lasted 00:03:08 (2181 turns).

MalarOregon the Ducker (Merfolk Skald)              Turns: 2181, Time: 00:03:08

Health: -4/28      AC:  3    Str: 12    XL:     3   Next: 79%
Magic:  6/6        EV: 13    Int: 12    God:
Gold:   82         SH:  0    Dex: 13    Spells: 6/6 levels left

rFire    . . .     SeeInvis .   f - -2 dagger (curse)
rCold    . . .     Gourm    .   (no shield)
rNeg     . . .     Faith    .   b - +0 leather armour
rPois    .         Spirit   .   (no helmet)
rElec    .         Reflect  .   (no cloak)
rCorr    .         Harm     .   (no gloves)
MR       .....                  (no boots)
Stlth    +.........             (no amulet)
HPRegen  0.09/turn              (no ring)
MPRegen  0.10/turn              (no ring)

@: no status effects
A: change form in water, swift swim, stealthy swim
a: no special abilities


You were on level 1 of the Dungeon.
You were near starving.

You visited 1 branch of the dungeon, and saw 2 of its levels.

You collected 82 gold pieces.

Inventory:

Hand Weapons
 a - a +0 falchion
 c - a +2 short sword of speed
   (You took it off a kobold on level 1 of the Dungeon)
 f - a cursed -2 dagger (weapon)
   (You found it on level 1 of the Dungeon)
Armour
 b - a +0 leather armour (worn)
Potions
 d - a potion of brilliance {unknown}
Comestibles
 e - 2 rations {!d}


   Skills:
 + Level 2.8 Fighting
 + Level 2.9 Long Blades
 + Level 1.3 Armour
 + Level 3.4 Dodging
 - Level 2.0 Spellcasting
   Level 3.2 Charms


You had 6 spell levels left.
You didn't know any spells.
Your spell library contained the following spells:

 Spells                   Type           Power        Failure   Level  Hunger
 Infusion                 Chrm           #...         9%          1    ##.....
 Song of Slaying          Chrm           #.......     14%         2    ###....
 Shroud of Golubria       Chrm/Tloc      #.........   26%         2    ###....
 Regeneration             Chrm/Necr      #.........   47%         3    ####...
 Spectral Weapon          Hex/Chrm       #.......     47%         3    ####...


Dungeon Overview and Level Annotations

Branches:
Dungeon (2/15)

Altars:


Message History

There is a stone staircase leading up here.
There are monsters nearby!
You barely miss the worm. The worm bites you! The kobold hits you.
You hit the worm. You barely miss the worm. The kobold closely misses you.
The worm misses you.
You hit the worm but do no damage. The kobold hits you.
* * * LOW HITPOINT WARNING * * *
A rat and a worm come into view.
The kobold completely misses you.
There is a stone staircase leading up here.
The kobold misses you. The worm closely misses you.
You climb upwards.
There is a stone staircase leading down here.
Unknown command.
You hit the kobold but do no damage. The kobold hits you.
* * * LOW HITPOINT WARNING * * *
The kobold barely misses you.
You hit the kobold. The kobold misses you.
You hit the kobold. The kobold closely misses you.
You closely miss the kobold. The kobold closely misses you.
You closely miss the kobold. The kobold barely misses you.
You miss the kobold. The kobold hits you.
* * * LOW HITPOINT WARNING * * *
You closely miss the kobold. The kobold barely misses you.
You hit the kobold but do no damage. You completely miss the kobold.
The kobold closely misses you.
You hit the kobold but do no damage. The kobold hits you.
* * * LOW HITPOINT WARNING * * *
You are near starving!
You closely miss the kobold. The kobold misses you.
You hit the kobold but do no damage. The kobold closely misses you.
You barely miss the kobold. The kobold barely misses you.
You barely miss the kobold. The kobold closely misses you.
You miss the kobold. The kobold hits you.
* * * LOW HITPOINT WARNING * * *
You hit the kobold. The kobold hits you.
* * * LOW HITPOINT WARNING * * *
You hit the kobold but do no damage. The kobold closely misses you.
You completely miss the kobold. You hit the kobold but do no damage.
The kobold misses you.
You barely miss the kobold. The kobold hits you.
* * * LOW HITPOINT WARNING * * *
You hit the kobold but do no damage. The kobold barely misses you.
You hit the kobold. The kobold closely misses you.
Here: a kobold (heavily wounded)
The floor, spattered with blood.
You hit the kobold.
You kill the kobold!
The worm bites you!
You die...

#.# #.#####....# #.# #### #.#
#.######.#.####.####### #### #.#
#........#............# #... #.#
#..##.####.#####...##.# #.##
#.###..#...###.# #...##.# #.#
#.##...........# #...##.# #.#
#.##...#...###.# #...##.# #.#
#.##...##.## #.#####...##.# #.#
#.##...#### #w@.......##.# #.##
#.##...# #>##.###..##.# #...
#.##...#######.##.# #..##.# #..#
#.##...........##.###..##.# #..#
#.##.#.........##.........###..#
#.##.#########.######..##......#
#.##.#########.# #........(....#
#.(............# #.##..##.###...
####.########.[###.##..##.####.#


You could see a worm.

Vanquished Creatures
  2 oozes (D:1)
  A dart slug (D:1)
  2 leopard geckos (D:1)
  5 bats (D:1)
  3 giant cockroaches (D:1)
  5 hobgoblins (D:1)
  5 kobolds (D:1)
  2 frilled lizards (D:1)
  5 goblins (D:1)
  5 rats (D:1)
35 creatures vanquished.

Notes
Turn   | Place    | Note
-------+----------+-------------------------------------------
     0 | D:1      | MalarOregon the Merfolk Skald began the quest for the Orb.
     0 | D:1      | Reached XP level 1. HP: 16/16 MP: 3/3
    88 | D:1      | Reached XP level 2. HP: 10/23 MP: 5/5
   141 | D:1      | Reached skill level 1 in Armour
   600 | D:1      | HP: 1/23 [hobgoblin (4)]
   996 | D:1      | Reached XP level 3. HP: 24/28 MP: 6/6
  2181 | D:1      | Slain by a worm

Skill      XL: |  1  2 |
---------------+-------+-----
Dodging        | 3 |  3.4
Armour         | 1 |  1.3
Fighting       | |  2.8
Long Blades    | |  2.9
Spellcasting   | |  2.0
Charms         | |  3.2

Action                   || total
-------------------------++-------
Melee: Falchion          ||    20
       Dagger            ||   326
  Use: Potion            ||     2
       Scroll            ||     2
 Stab: Sleeping          ||     1
  Eat: Chunk             ||     3
Armor: Leather armour    ||    80
Dodge: Dodged            ||   258
       Rpst.: Falchion   ||     7
